 Dungeon Crawl Stone Soup version 0.22.0-60-ga52c2fc (webtiles) character file.

834 bogdani the Covered (level 7, -1/61 HPs)
             Began as a Hill Orc Fighter on Sept 10, 2018.
             Was an Initiate of Beogh.
             Killed from afar by an orc wizard (7 damage)
             ... with a puff of flame
             ... on level 4 of the Dungeon.
             The game lasted 00:26:10 (3820 turns).

bogdani the Covered (Hill Orc Fighter)              Turns: 3820, Time: 00:26:11

Health: -1/61      AC: 11    Str: 21    XL:     7   Next: 98%
Magic:  16/16      EV:  8    Int:  8    God:    Beogh [......]
Gold:   230        SH:  0    Dex: 10    Spells: 6/6 levels left

rFire    . . .     SeeInvis .   x - +0 scythe
rCold    . . .     Gourm    .   (shield currently unavailable)
rNeg     . . .     Faith    .   t - +0 chain mail
rPois    .         Spirit   .   (no helmet)
rElec    .         Reflect  .   (no cloak)
rCorr    .         Harm     .   r - +0 pair of gloves
MR       .....                  (no boots)
Stlth    ..........             (no amulet)
HPRegen  0.20/turn              s - ring of magical power
MPRegen  0.15/turn              (no ring)

@: no status effects
A: no striking features
a: Renounce Religion


You were on level 4 of the Dungeon.
You worshipped Beogh.
Beogh was noncommittal.
You were not hungry.

You visited 1 branch of the dungeon, and saw 4 of its levels.
You also visited: Sewer.

You collected 230 gold pieces.

Inventory:

Hand Weapons
 a - a +0 war axe
 b - a +0 hunting sling
 d - a +0 scythe
 x - a +0 scythe (weapon)
Missiles
 q - 14 tomahawks (quivered)
 u - 4 silver tomahawks
Armour
 c - a +0 shield
 r - a +0 pair of gloves (worn)
 t - a +0 chain mail (worn)
Jewellery
 s - a ring of magical power (left hand)
Wands
 j - a wand of flame (18)
 w - a wand of random effects (33)
 y - a wand of scattershot (5)
Scrolls
 i - 2 scrolls of remove curse
 l - 3 scrolls of teleportation
 m - 2 scrolls of magic mapping
 o - a scroll of enchant armour {unknown}
Potions
 e - 5 potions of curing
 g - 2 potions of brilliance
 h - 3 potions of flight
 k - a potion of magic
 n - 2 potions of lignification
 p - 2 potions of heal wounds
 v - a potion of berserk rage {unknown}
Comestibles
 f - 4 rations


   Skills:
 * Level 5.5 Fighting
 + Level 6.0(6.1) Axes
 + Level 1.1(3.3) Polearms
 * Level 6.0 Armour
 + Level 1.0 Dodging
 * Level 5.7 Shields
 * Level 1.1 Invocations


You had 6 spell levels left.
You didn't know any spells.
Your spell library was empty.

Dungeon Overview and Level Annotations

Branches:
Dungeon (4/15)
 Temple: D:4-7

Altars:
Ashenzari
Nemelex Xobeh
Trog


Message History

The orc wizard gestures at you while chanting.
The puff of flame hits you!
The orc priest calls upon Beogh to heal the orc wizard.
The orc wizard is healed somewhat.
The orc priest calls down the wrath of Beogh upon you.
Beogh smites you!
The orc warrior hits you with a scimitar!
* * * LOW HITPOINT WARNING * * *
Your chain mail prevents you from hitting the orc wizard.
The orc wizard is heavily wounded.
A magic dart appears from out of thin air!
The magic dart hits you!
* * * LOW HITPOINT WARNING * * *
The orc wizard hits you with a dagger.
* * * LOW HITPOINT WARNING * * *
The orc warrior hits you but does no damage.
The orc wizard gestures at you while chanting.
The puff of flame hits you!
You die...
Beogh appreciates the orc wizard's killing of a heretic priest.

#.....# #..........#
#.....######..........#
#.....................#
#.....................#
#...........#####.....#
#...........'...#.....#########
#...........#...#..............
#.....#######...#..............
#.....# #.o@o#..............
#.....# ###o##........†.....
#.....# #..o{......÷........
####### #...............####
#...............#...
#...............#...
#...............#...
######..........####
#..............


You could see an orc warrior, an orc priest, an orc wizard and an orc.

Vanquished Creatures
  Grinder (D:4)
  Sigmund (D:4)
  A big kobold (Sewer)
  A scorpion (D:3)
  A centaur skeleton (D:4)
  An orc wizard (D:2)
  An iguana (D:4)
  4 worker ants (D:4)
  3 adders
  A gnoll (D:1)
  7 river rats
  An ooze (D:2)
  9 orcs
  2 giant cockroaches (D:1)
  8 goblins
  10 hobgoblins
  8 jackals
  2 quokkas
  3 ball pythons
  8 bats
  3 frilled lizards
  13 kobolds
  A leopard gecko skeleton (D:3)
  A quokka skeleton (D:3)
  22 rats
113 creatures vanquished.

Vanquished Creatures (others)
  A howler monkey (D:4)
  A centaur skeleton (D:4)
  An adder (D:4)
  2 orcs (D:4)
5 creatures vanquished.

Grand Total: 118 creatures vanquished

Notes
Turn   | Place    | Note
-------+----------+-------------------------------------------
     0 | D:1      | bogdani the Hill Orc Fighter began the quest for the Orb.
     0 | D:1      | Reached XP level 1. HP: 19/19 MP: 1/1
    88 | D:1      | Reached XP level 2. HP: 27/27 MP: 2/2
   179 | D:1      | Reached XP level 3. HP: 33/33 MP: 3/3
   658 | D:2      | Reached XP level 4. HP: 40/40 MP: 4/4
  1620 | D:3      | Reached XP level 5. HP: 28/47 MP: 5/5
  1679 | D:3      | Found a shattered altar of Ashenzari.
  1758 | D:3      | Found a sparkling altar of Nemelex Xobeh.
  1854 | D:3      | Became a worshipper of Nemelex Xobeh the Trickster
  1912 | D:3      | Found a glowing drain.
  1939 | Sewer    | Entered a sewer
  1946 | Sewer    | Reached XP level 6. HP: 42/53 MP: 6/6
  2111 | Sewer    | Reached skill level 5 in Fighting
  2128 | Sewer    | Found a white marble altar of Elyvilon.
  2314 | D:3      | Found a bloodstained altar of Trog.
  2350 | D:3      | Received a gift from Nemelex Xobeh
  2359 | D:3      | Fell from the grace of Nemelex Xobeh
  2468 | D:3      | Reached skill level 5 in Shields
  2755 | D:4      | Reached skill level 5 in Axes
  2776 | D:4      | Became a worshipper of Beogh the Brigand
  2777 | D:4      | Noticed Grinder
  2777 | D:4      | Paralysed by Grinder for 3 turns
  2794 | D:4      | Paralysed by Grinder for 7 turns
  2810 | D:4      | Paralysed by Grinder for 7 turns
  2818 | D:4      | Killed Grinder
  2818 | D:4      | Reached skill level 5 in Armour
  2818 | D:4      | Reached XP level 7. HP: 20/61 MP: 7/7
  3277 | D:4      | Noticed Sigmund
  3303 | D:4      | Killed Sigmund
  3303 | D:4      | Reached skill level 1 in Dodging
  3551 | D:4      | Reached skill level 1 in Polearms
  3714 | D:4      | Reached skill level 1 in Invocations
  3820 | D:4      | Killed from afar by an orc wizard

Skill      XL: |  1  2  3  4  5  6  7 |
---------------+----------------------+-----
Fighting       | 4 5 |  5.5
Axes           | 3 4 5 6 |  6.0
Armour         | 4 5 6 |  6.0
Shields        | 4 5 |  5.7
Dodging        | 1 |  1.0
Polearms       | 1 |  1.1
Invocations    | 1 |  1.1

Action                   |  1- 3 |  4- 6 |  7- 9 || total
-------------------------+-------+-------+-------++-------
Melee: War axe           |   103 |   224 |    35 ||   362
       Scythe            |       |       |    36 ||    36
Invok: Renounce Religion |       |     1 |       ||     1
       Convert to Beogh  |       |     1 |       ||     1
Evoke: Wand              |       |     1 |       ||     1
       Deck              |       |     1 |       ||     1
  Use: Potion            |       |     6 |       ||     6
       Scroll            |       |     6 |     3 ||     9
  Eat: Ration            |       |     2 |     2 ||     4
Armor: Scale mail        |    31 |    78 |       ||   109
       Chain mail        |       |     8 |    44 ||    52
Dodge: Dodged            |    31 |    71 |    24 ||   126
Block: Shield            |    52 |   132 |     6 ||   190
